 Dungeon Crawl Stone Soup version 0.31-a0-202-g547052bce9 (webtiles) character file.

Game seed: 14359911774069295337

9019 CoordinateN the Severer (level 11, -3/136 HPs)
             Began as a Minotaur Berserker on June 27, 2023.
             Was an Elder of Trog.
             Slain by an angel
             ... wielding a +3 whip of holy wrath
              (18 damage)
             ... on level 1 of the Abyss.
             The game lasted 00:41:09 (9843 turns).

CoordinateN the Severer (Minotaur Berserker)        Turns: 9843, Time: 00:41:09

Health: -3/136     AC: 17    Str: 25    XL:     11   Next: 17%
Magic:  10/10      EV: 13    Int:  4    God:    Trog [****..]
Gold:   464        SH:  0    Dex: 11    Spells: 10/10 levels left

rFire   . . .        C - +3 war axe
rCold   . . .        (no shield)
rNeg    . . .        o - +1 plate armour
rPois   .            (helmet restricted)
rElec   .            (no cloak)
rCorr   .            (no gloves)
SInv    .            (no boots)
Will    .....        (no amulet) Stlth
                     t - +4 ring of protection
HPRegen 0.42/turn    d - +5 ring of evasion
MPRegen 0.12/turn

%: no passive effects
@: berserking (expiring), glowing, very quick
A: horns 2, retaliatory headbutt
a: Renounce Religion, Berserk, Trog's Hand, Brothers in Arms


You were on level 1 of the Abyss.
You worshipped Trog.
Trog was greatly pleased with you.
You visited 3 branches of the dungeon, and saw 12 of its levels.
You visited the Abyss 1 time.

You collected 464 gold pieces.

Inventory:

Hand Weapons
 y - a +4 hand axe of draining
 C - a +3 war axe (weapon)
Armour
 o - a +1 plate armour (worn)
Jewellery
 d - a +5 ring of evasion (right hand)
 e - a ring of positive energy
 p - a +6 ring of dexterity
 q - a ring of magical power
 t - a +4 ring of protection (left hand)
Wands
 u - a wand of digging (11)
 B - a wand of iceblast (1) (quivered)
Scrolls
 b - a scroll of enchant armour
 g - 2 scrolls of fear
 n - a scroll of silence
 s - a scroll of fog
 w - 5 scrolls of teleportation
Potions
 a - a potion of magic {unknown}
 c - 2 potions of cancellation
 f - 2 potions of lignification
 h - 2 potions of enlightenment
 i - 9 potions of degeneration
 j - 3 potions of might
 k - 3 potions of curing {unknown}
 l - 5 potions of haste {unknown}
 m - 5 potions of ambrosia
 v - 2 potions of resistance {unknown}
 x - 2 potions of mutation
 z - 2 potions of heal wounds {unknown}


   Skills:
 + Level 6.5 Fighting
 - Level 19.0 Axes
 + Level 5.8 Armour
 - Level 2.6 Dodging


You had 10 spell levels left.
You didn't know any spells.
Your spell library was empty.

Dungeon Overview and Level Annotations

Branches:
Dungeon (10/15)            Temple (1/1) D:4            Lair (1/5) D:9
    Orc: D:9-12

Altars:
Ashenzari
Cheibriados
Dithmenos
Elyvilon
Fedhas
Gozag
Hepliaklqana
Kikubaaqudgha
Makhleb
Nemelex Xobeh
Okawaru
Qazlal
Ru
Sif Muna
Trog
Uskayaw
Vehumet
Wu Jian
Xom
Yredelemnul
Zin
The Shining One

Shops:
D:3 *   D:5 =

Annotations:
D:10 Nergalle, Sonja


Innate Abilities, Weirdness & Mutations

You have a pair of horns on your head.
You reflexively headbutt those who attack you in melee.


Message History

You hit the angel but do no damage.
The angel is moderately wounded.
You hit the small abomination. You slash the angel!
The angel is heavily wounded.
You slash the small abomination!
The angel hits you with a +3 whip of holy wrath!
* * * LOW HITPOINT WARNING * * *
The angel barely misses you. The small abomination hits you.
* * * LOW HITPOINT WARNING * * *
You closely miss the angel.
The angel is heavily wounded.
You barely miss the small abomination. You barely miss the raiju.
The angel hits you with a +3 whip of holy wrath.
* * * LOW HITPOINT WARNING * * *
The angel hits you with a +3 whip of holy wrath!
* * * LOW HITPOINT WARNING * * *
You closely miss the angel. Your headbutt misses the angel.
The angel is heavily wounded.
You slash the small abomination!
You destroy the small abomination!
Trog accepts your kill.
You closely miss the raiju. The raiju bites you but does no damage.
The angel hits you with a +3 whip of holy wrath!
* * * LOW HITPOINT WARNING * * *
The angel hits you but does no damage.
You slash the angel! Your headbutt misses the angel.
The angel is heavily wounded.
You slash the raiju! You miss the angel. You headbutt the angel!
The angel is severely wounded.
You slash the raiju!
The angel gestures.
The angel is healed somewhat.
The raiju barely misses you.
You are too berserk!
You slice the angel!! You headbutt the angel.
The angel is almost dead.
You slash the raiju!
The angel hits you with a +3 whip of holy wrath!!
You die... ▒∙▒ ∙ ∙ ∙ ∙ ▒ ▒∙∙∙ ∙∙ ∙∙ ∙ ▒ ∙∙∙ ▒ ▒∙ ▒▒▒▒ ▒ ∙∙∙ ∙∙ ∙∙∙ ▒∙ ∙▒ ▒ ▒∙∙ ∙▒∙ ∙∙∙∙∙∙ ∙ ▒∙▒ ∙∙∙∙

▒ ∙ ▒▒∙
▒▒▒▒▒▒∙▒▒∙∙∙∙▒
∙ ∙∙∙ ∙
∙∙∙∙∙▒hA∙∙∙∙▒
▒▒▒▒ ▒∙▒ ∙▒▒@▒
∙∙ ▒
∙▒▒∙∙∙∙∙∙%▒ ▒∙
∙∙∙▒▒∙∙∙▒ ▒
▒▒∙▒∙∙▒∙∙∙∙∙ ▒
∙ ▒∙∙▒∙∙∙▒∙ ∙▒
▒∙∙ ▒▒∙▒▒∙∙▒
∙∙▒ ▒▒ ∙∙∙ ▒▒▒
∙▒ ▒▒▒ ▒


You could see an angel and a raiju.

Vanquished Creatures
  A juggernaut zombie (Abyss:1)
  A two-headed ogre (D:9)
  An anaconda zombie (Abyss:1)
  Pikel (D:7)
  Maggie (D:9)
  A troll (D:10)
  3 raiju (Abyss:1)
  Sigmund (D:5)
  A vampire (D:9)
  A wyvern (D:9)
  Grum (D:8)
  A steam dragon (D:8)
  An acid dragon (D:9)
  4 water moccasins
  2 orc warriors
  3 ice beasts (D:7)
  A sky beast (D:6)
  3 black bears (D:8)
  3 ogres
  3 wolves (D:8)
  A small abomination (Abyss:1)
  6 centaurs
  A lemure (D:7)
  A phantom (D:5)
  5 bullfrogs
  3 gnoll sergeants
  A scorpion (D:5)
  9 wights
  9 killer bees
  A howler monkey (D:9)
  4 jellies
  A crimson imp (Abyss:1)
  2 hounds
  4 orc priests
  A sleepcap (D:8)
  Jessica (D:2)
  2 iguanas (D:5)
  7 orc wizards
  14 gnolls
  8 adders
  A white imp (D:5)
  2 ufetubi
  3 worms (D:3)
  2 dart slugs
  31 orcs
  4 bats
  5 endoplasms
  A giant cockroach (D:1)
  9 goblins
  6 hobgoblins
  10 kobolds
  3 quokkas
  5 ball pythons
  4 frilled lizards
  3 rats (D:2)
204 creatures vanquished.

Notes
Turn   | Place    | Note
-------+----------+-------------------------------------------
     0 | D:1      | CoordinateN the Minotaur Berserker began the quest for the
                  | Orb.
     0 | D:1      | Reached XP level 1. HP: 19/19 MP: 0/0
   229 | D:1      | Reached XP level 2. HP: 24/27 MP: 1/1
   812 | D:2      | Reached skill level 4 in Axes
   898 | D:2      | Reached ** piety under Trog
   922 | D:2      | Reached XP level 3. HP: 30/33 MP: 2/2
   976 | D:2      | Noticed Jessica
   989 | D:2      | Killed Jessica
  1196 | D:2      | Reached skill level 5 in Axes
  1196 | D:2      | Reached XP level 4. HP: 40/40 MP: 3/3
  1280 | D:2      | Found an iron altar of Okawaru.
  1690 | D:3      | Found a faded altar of an unknown god.
  1840 | D:3      | Found a burning altar of Makhleb.
  1840 | D:3      | Found a stormy altar of Qazlal.
  1900 | D:3      | Reached skill level 6 in Axes
  1951 | D:3      | Reached XP level 5. HP: 34/46 MP: 4/4
  2016 | D:3      | Found Wene's Assorted Antiques.
  2432 | D:4      | Noticed an ogre
  2531 | D:4      | Killed an ogre
  2532 | D:4      | Reached skill level 7 in Axes
  2637 | D:4      | Reached XP level 6. HP: 48/52 MP: 5/5
  2807 | D:4      | Found a staircase to the Ecumenical Temple.
  2816 | D:4      | Reached skill level 8 in Axes
  2850 | D:4      | You fall into a shaft and drop 3 floors!
  2905 | D:7      | Noticed an ice beast
  2953 | D:7      | Killed an ice beast
  2955 | D:7      | Reached skill level 9 in Axes
  3118 | D:6      | Reached XP level 7. HP: 59/59 MP: 6/6
  3129 | D:5      | Entered Level 5 of the Dungeon
  3211 | D:5      | Noticed Sigmund
  3220 | D:5      | Reached skill level 10 in Axes
  3226 | D:5      | Killed Sigmund
  3296 | D:5      | Reached skill level 11 in Axes
  3316 | D:5      | Found Yrypeu's Jewellery Boutique.
  3424 | D:4      | Reached XP level 8. HP: 63/66 MP: 7/7
  3474 | D:4      | Identified the +1 rapier "Beangown" {vamp, rF+ rN++ Dex+2}
  3658 | Temple   | Entered the Ecumenical Temple
  4121 | D:5      | Reached *** piety under Trog
  4257 | D:5      | Reached skill level 12 in Axes
  4571 | D:6      | Found a glowing golden altar of the Shining One.
  5467 | D:7      | Reached skill level 13 in Axes
  5503 | D:7      | Noticed Pikel
  5516 | D:7      | Killed Pikel
  5517 | D:7      | Reached skill level 14 in Axes
  5517 | D:7      | Reached XP level 9. HP: 71/71 MP: 8/8
  6149 | D:7      | Reached skill level 15 in Axes
  6214 | D:8      | Found a basalt altar of Yredelemnul.
  6363 | D:8      | Noticed Grum
  6404 | D:8      | Killed Grum
  6405 | D:8      | Reached skill level 16 in Axes
  6406 | D:8      | Reached **** piety under Trog
  6637 | D:8      | Found an ornate altar of the Wu Jian Council.
  6641 | D:8      | Found a snail-covered altar of Cheibriados.
  6644 | D:8      | Found a blossoming altar of Fedhas.
  6644 | D:8      | Found a hazy altar of Hepliaklqana.
  6651 | D:8      | Found a sparkling altar of Nemelex Xobeh.
  7275 | D:8      | Reached XP level 10. HP: 76/77 MP: 9/9
  7316 | D:8      | Reached skill level 17 in Axes
  7333 | D:9      | Found a staircase to the Lair.
  8198 | D:9      | Noticed a two-headed ogre
  8202 | D:9      | Killed a two-headed ogre
  8203 | D:9      | Reached skill level 18 in Axes
  8419 | D:9      | Noticed Maggie
  8439 | D:9      | Killed Maggie
  8697 | D:10     | Entered Level 10 of the Dungeon
  8745 | Lair:1   | Entered Level 1 of the Lair of Beasts
  8745 | Lair:1   | Noticed a black mamba
  9195 | D:10     | Noticed Sonja
  9322 | D:10     | Noticed Nergalle
  9436 | D:9      | Reached skill level 19 in Axes
  9611 | D:10     | Found an ancient bone altar of Kikubaaqudgha.
  9620 | D:10     | Found a broken altar of Ashenzari.
  9696 | Abyss:1  | Cast into level 1 of the Abyss (Sonja)
  9722 | Abyss:1  | Found a corrupted altar of Lugonu.
  9749 | Abyss:1  | Reached skill level 5 in Fighting
  9749 | Abyss:1  | Reached XP level 11. HP: 77/88 MP: 10/10
  9809 | Abyss:1  | Reached skill level 5 in Armour
  9823 | Abyss:1  | Noticed an angel
  9843 | Abyss:1  | Slain by an angel

Illustrated notes

Levels and vault maps discovered:
D:1:      dpeg_arrival_shelter, layout_basic, minmay_misc_feat_rows,
          st_stairs_11, nicolae_concentric_dashed_squares_wild
D:2:      layout_rooms, basic_altar, uniq_jessica
D:3:      layout_loops_ring, gammafunk_temple_overflow_statue,
          hellmonk_ecumenical_altar_blasted, serial_shops, shop,
          dreamdust_wishing_well, st_stairs_2
D:4:      layout_gridville, temple_green
D:5:      layout_cave_pools, nicolae_stop_n_shop_1, uniq_sigmund
D:6:      layout_basic, tso_metal_star, lemuel_flame_loot_1
D:7:      layout_gridville, enter_bailey_7, kennysheep_big_empty_room,
          uniq_pikel
D:8:      layout_loops_cross, old_standard_altar,
          nicolae_overflow_hallway_of_the_gods, uniq_grum
D:9:      layout_roguey, due_lair_maze_entry_diamond, uniq_maggie
D:10:     minmay_sliced_demisemicircle, layout_cave_pools,
          mainiacjoe_overflow_large_starburst, david_orc_2, uniq_sonja,
          uniq_nergalle
Temple:   nicolae_temple_ecumenical_triangle
Lair:1:   dreamdust_isle_of_ice, layout_cave_pods, grunt_megastairs_3
Abyss:1:  base:
D:1

Skill      XL: |  1  2  3  4  5  6  7  8  9 10 11 |
---------------+----------------------------------+-----
Fighting       | 4 5 6 |  6.5
Axes           | 4 5 6 7 9 11 14 16 19 | 19.0
Armour         | 3 4 5 |  5.8
Dodging        | |  2.6

Action                     |  1- 3 |  4- 6 |  7- 9 | 10-12 || total
---------------------------+-------+-------+-------+-------++-------
  Melee: Hand axe          |    48 |    87 |   257 |    33 ||   425
         Headbutt          |     7 |    14 |    40 |    33 ||    94
         Punch             |     1 |     1 |     2 |     2 ||     6
         War axe           |       |       |       |   152 ||   152
 Invoke: Trog's Hand       |       |     2 |       |       ||     2
         Berserk           |       |     2 |     5 |     2 ||     9
  Evoke: Wand              |       |       |     1 |     2 ||     3
    Use: Scroll            |     2 |     8 |     6 |     2 ||    18
         Potion            |       |       |       |     1 ||     1
 Armour: Animal skin       |    10 |     2 |       |       ||    12
         Plate armour      |       |    13 |    80 |    83 ||   176
  Dodge: Dodged            |    35 |    78 |   116 |   113 ||   342

Table legend: (Time is in decaauts)
 A = Elapsed time spent in this place.
 B = Non-inter-level travel time spent in this place.
 C = Inter-level travel time spent in this place.
 D = Time resting spent in this place.
 E = Time spent auto-exploring this place.
 F = Levels seen in this place.
 G = Mean time per level.
                   A        B        C        D        E       F      G
               +--------+--------+--------+--------+--------+-----+--------+
         Total |   9807 |   9396 |    411 |   2423 |   5084 |  13 |  754.4 |
       Dungeon |   9607 |   9197 |    410 |   2423 |   4964 |  10 |  960.7 |
        Temple |     73 |     73 |      0 |      0 |     44 |   1 |   73.0 |
          Lair |      1 |      1 |      0 |      0 |      0 |   1 |    1.0 |
         Abyss |    125 |    125 |      0 |      0 |     76 |   1 |  125.0 |
               +--------+--------+--------+--------+--------+-----+--------+

Top non-repeatable levels by time:
     D:9: 1828 daAuts
     D:8: 1372 daAuts
     D:7: 1026 daAuts
     D:4: 990 daAuts
     D:6: 923 daAuts
     D:3: 848 daAuts
     D:1: 806 daAuts
     D:2: 750 daAuts
     D:5: 732 daAuts
    D:10: 327 daAuts
 Abyss:1: 125 daAuts
  Temple: 73 daAuts
  Lair:1: 1 daAuts
